 Dungeon Crawl Stone Soup version 0.32-a0-643-ga006e7742e (webtiles) character file.

Game seed: 11892383749497581698

52355 sleeves the Lord of Darkness (level 14, -2/166 HPs)
             Began as a Coglin Delver on Mar 7, 2024.
             Was the Champion of Kikubaaqudgha.
             Slain by an orc warrior
             ... wielding a +0 glaive
             ... led by an orc warlord
              (22 damage)
             ... on level 1 of the Orcish Mines.
             The game lasted 00:52:15 (25332 turns).

sleeves the Lord of Darkness (Coglin Delver)       Turns: 25332, Time: 00:52:16

Health: -2/166     AC: 13    Str: 17    XL:     14   Next: 63%
Magic:  18/26      EV: 10    Int: 11    God:    Kikubaaqudgha [******]
Gold:   1703       SH:  0    Dex: 15    Spells: 8/29 levels left

rFire   + . .        I - +2 trident (drain) {Mbali}
rCold   + . .        q - +2 spear (venom) {Suthep}
rNeg    . . .        Q - +1 scale mail {rPois}
rPois   +            y - +0 helmet
rElec   .            B - +0 cloak
rCorr   .            (no gloves)
SInv    .            w - +0 pair of boots {Stlth+}
Will    +....        (amulet unavailable) Stlth
                     (ring unavailable)
HPRegen 0.47/turn    (ring unavailable)
MPRegen 0.20/turn    N - geosprocket NW-40 {rF+ rC+ Clar RMsl}

%: repel missiles, clarity
@: berserking, death channelling, animating dead, revved, very quick
A: off-hand wielding, slow wielding, warmup strikes, no jewellery
a: Renounce Religion, Unearth Wretches, Torment, Brand Weapon With Pain, Receive
Forbidden Knowledge


You were on level 1 of the Orcish Mines.
You worshipped Kikubaaqudgha.
Kikubaaqudgha was exalted by your worship.
You visited 4 branches of the dungeon, and saw 20 of its levels.
You also visited: Bailey.

You collected 1703 gold pieces.

Inventory:

Hand Weapons
 q - a +2 spear of venom (offhand) {Suthep}
   (You took it off a gnoll sergeant on level 8 of the Dungeon)
 I - a +2 trident of draining (weapon) {Mbali}
   (You took it off Jeremiah on level 9 of the Dungeon)
Missiles
 o - 60 poisoned darts (quivered)
Armour
 s - a scarf of invisibility
   (You found it on level 2 of the Dungeon)
 w - a +0 pair of boots of stealth (worn)
   (You found it in a bailey)
 y - a +0 helmet (worn)
   (You found it on level 6 of the Dungeon)
 B - a +0 cloak (worn)
   (You found it on level 9 of the Dungeon)
 Q - a +1 scale mail of poison resistance (worn)
   (You found it on level 5 of the Lair of Beasts)
Gizmo
 N - a geosprocket NW-40 (installed) {rF+ rC+ Clar RMsl}
   (You invented it yourself on level 5 of the Lair of Beasts)

   [geosprocket NW-40]

   rF+:       It protects you from fire.
   rC+:       It protects you from cold.
   Clar:      It protects you from confusion, rage, mesmerisation and fear.
   RMsl:      It protects you from missiles.
Wands
 g - a wand of digging (19)
 k - a wand of polymorph (5)
   (You found it on level 11 of the Dungeon)
 u - a wand of warping (9)
   (You found it on level 5 of the Dungeon)
 C - a wand of mindburst (17)
   (You found it on level 7 of the Dungeon)
 G - a wand of acid (14)
   (You took it off a gnoll on level 8 of the Dungeon)
 J - a wand of charming (19)
   (You found it on level 11 of the Dungeon)
 M - a wand of flame (7)
   (You took it off Maggie on level 1 of the Lair of Beasts)
Scrolls
 a - 2 scrolls of enchant weapon
 c - 4 scrolls of fog
 d - 6 scrolls of revelation
 f - 7 scrolls of identify
 i - 2 scrolls of amnesia
 j - 4 scrolls of vulnerability
 m - a scroll of silence
 n - 5 scrolls of immolation
 A - 3 scrolls of teleportation
 D - a scroll of torment {unknown}
 E - 2 scrolls of enchant armour
 F - 2 scrolls of blinking
 O - a scroll of poison {unknown}
Potions
 b - 4 potions of brilliance
 e - 2 potions of might
 h - a potion of berserk rage
 l - 3 potions of degeneration
 p - 4 potions of lignification
 r - a potion of heal wounds
 t - 5 potions of enlightenment
 v - 2 potions of resistance {unknown}
 x - 6 potions of attraction
 z - a potion of haste
 H - 3 potions of mutation
 L - a potion of ambrosia {unknown}
 P - a potion of curing


   Skills:
 + Level 10.5 Fighting
 + Level 12.3 Polearms
 + Level 9.1 Armour
 - Level 1.7 Dodging
 - Level 4.1 Stealth
 + Level 8.3 Spellcasting
 + Level 13.5 Necromancy


You had 8 spell levels left.
You knew the following spells:

 Your Spells              Type           Power      Damage    Failure   Level
a - Animate Dead          Necr           34%        N/A       1%          4
b - Borgnjor's Vile Clut  Necr/Erth      9%         N/A       58%         5
c - Cigotuvi's Dreadful   Necr/Alch/Air  28%        N/A       10%         2
d - Anguish               Hex/Necr       9%         N/A       26%         4
e - Death Channel         Necr           17%        N/A       26%         6

Your spell library contained the following spells:

 Spells                   Type           Power      Damage    Failure   Level
 Sublimation of Blood     Necr           34%        N/A       1%          2
 Dispel Undead            Necr           34%        3d15      1%          4
 Kiss of Death            Conj/Necr      76%        2d11      2%          1
 Curse of Agony           Necr           34%        N/A       4%          5
 Sandblast                Erth           8%         2d5       38%         1
 Mercury Vapours          Alch/Air       8%         N/A       54%         2
 Static Discharge         Conj/Air       8%         3-4/arc   54%         2
 Confusing Touch          Hex            4%         N/A       77%         3
 Inner Flame              Hex/Fire       4%         N/A       77%         3
 Mephitic Cloud           Conj/Alch/Air  4%         N/A       77%         3
 Passwall                 Erth           4%         N/A       77%         3
 Stone Arrow              Conj/Erth      8%         3d7       77%         3
 Airstrike                Air            2%         2d(1-17)  99%         4
 Brom's Barrelling Bould  Conj/Erth      4%         2d3       99%         4
 Flame Wave               Conj/Fire      4%         2d5       99%         4
 Sticky Flame             Fire/Alch      4%         2d4       99%         4
 Summon Lightning Spire   Summ/Air       4%         N/A       99%         4
 Freezing Cloud           Conj/Ice/Air   2%         6-21      100%        5


Dungeon Overview and Level Annotations

Branches:
Dungeon (13/15)            Temple (1/1) D:7            Lair (5/5) D:11
  Swamp (0/4) Lair:3        Snake (0/4) Lair:3        Slime (0/5) Lair:5
    Orc (1/2) D:9          Bailey (visited)
 Vaults: D:13-14

Altars:
Ashenzari
Cheibriados
Dithmenos
Elyvilon
Fedhas
Gozag
Hepliaklqana
Kikubaaqudgha
Makhleb
Nemelex Xobeh
Okawaru
Qazlal
Ru
Sif Muna
Trog
Uskayaw
Vehumet
Wu Jian
Xom
Yredelemnul
Zin
The Shining One
Ignis

Shops:
D:5 *

Portals:
Trove: D:12 (give mace "Conservator")

Annotations:
D:3 Sigmund
D:4 Eustachio
D:8 1 runed translucent door
D:13 Jorgrun
Lair:3 exclusion: eleionoma


Innate Abilities, Weirdness & Mutations

You can wield a second weapon in your off-hand.
It takes a long time for you to wield or remove held weapons.
Your first few attacks do less damage.
You cannot equip rings or amulets.


Message History

The black bear bites you but does no damage.
The black bear barely misses you. The black bear closely misses you.
You hit the polar bear with your +2 spear of venom.
The polar bear is poisoned.
The polar bear is lightly wounded.
You barely miss the polar bear with your +2 trident of draining.
The polar bear bites you! The polar bear barely misses you. x2
The black bear bites you. The black bear completely misses you.
The black bear barely misses you.
You hit the polar bear but do no damage.
The polar bear is lightly wounded.
You barely miss the polar bear with your +2 trident of draining.
Your polar bear zombie bites the polar bear but does no damage.
Your polar bear zombie claws the polar bear but does no damage.
Your polar bear zombie claws the polar bear.
You hit the polar bear but do no damage.
The polar bear looks as sick as possible!
The polar bear is lightly wounded.
You puncture the polar bear with your +2 trident of draining!
You drain the polar bear. The black bear bites you!
The black bear claws you but does no damage.
The black bear claws you.
The polar bear bites you but does no damage.
The polar bear claws you but does no damage. x2
You puncture the polar bear with your +2 trident of draining!
You drain the polar bear.
The polar bear is almost dead.
You hit the polar bear but do no damage.
The polar bear looks as sick as possible!
You hit the polar bear but do no damage.
The polar bear looks as sick as possible!
The polar bear is almost dead.
You puncture the polar bear with your +2 trident of draining!
You kill the polar bear!
Kikubaaqudgha accepts your kill.
The dead are walking!
The black bear bites you but does no damage.
The black bear claws you but does no damage. x2
You hit the black bear with your +2 trident of draining.
You drain the black bear.
The black bear is heavily wounded.
You hit the black bear with your +2 spear of venom.
The black bear is poisoned.
The black bear bites you.
The black bear claws you but does no damage. x2
You puncture the black bear with your +2 trident of draining!
You kill the black bear!
Kikubaaqudgha accepts your kill.
The dead are walking!
No target in view!
No target in view!
No target in view!
No target in view!
No target in view!
No target in view!
No target in view!
No target in view!
No target in view!
No target in view!
No target in view!
No target in view!
No target in view!
No target in view!
No target in view!
No target in view!
No target in view!
No target in view!
Your reaping aura is weakening.
Your reaping aura expires.
You swap places.
Your black bear zombie bites the plant.
The plant begins to die.
Your black bear zombie claws the plant. x2
A nearby plant withers and dies.
A catoblepas is nearby!
A catoblepas is nearby!
You reach to attack!
You hit the catoblepas with your +2 spear of venom.
The catoblepas is poisoned.
The catoblepas is lightly wounded.
You hit the catoblepas with your +2 trident of draining.
You hit the catoblepas with your +2 spear of venom.
The catoblepas is lightly wounded.
You hit the catoblepas but do no damage.
You drain the catoblepas.
You puncture the catoblepas with your +2 trident of draining!
The catoblepas is moderately wounded.
You hit the catoblepas with your +2 spear of venom.
The catoblepas looks as sick as possible!
The catoblepas breathes a plume of calcifying dust at you.
The blast of calcifying dust hits you but does no damage.
The blast of calcifying dust hits your polar bear zombie but does no damage.
The blast of calcifying dust hits the plant.
The plant begins to die.
Your polar bear zombie bites the catoblepas but does no damage.
Your polar bear zombie claws the catoblepas but does no damage. x2
Your polar bear zombie is engulfed in calcifying dust.
Your polar bear zombie is moving more slowly.
The plant is engulfed in calcifying dust.
The catoblepas barely misses you.
Your polar bear zombie bites the catoblepas but does no damage.
Your polar bear zombie claws the catoblepas but does no damage. x2
You hit the catoblepas but do no damage.
The catoblepas looks as sick as possible!
The catoblepas is heavily wounded.
You hit the catoblepas but do no damage.
The plant is engulfed in calcifying dust.
The plant turns to stone!
Your black bear zombie is engulfed in calcifying dust.
Your black bear zombie is moving more slowly.
Your black bear zombie bites the catoblepas but does no damage.
Your black bear zombie claws the catoblepas. x2
The catoblepas barely misses you.
You hit the catoblepas but do no damage.
You drain the catoblepas.
The catoblepas is heavily wounded.
You hit the catoblepas but do no damage.
The catoblepas looks as sick as possible!
The plant is engulfed in calcifying dust.
Your polar bear zombie bites the catoblepas but does no damage.
Your polar bear zombie claws the catoblepas but does no damage. x2
Your polar bear zombie bites the catoblepas!
Your polar bear zombie claws the catoblepas.
Your polar bear zombie claws the catoblepas but does no damage.
You puncture the catoblepas with your +2 trident of draining!
The catoblepas is almost dead.
You hit the catoblepas with your +2 spear of venom.
The catoblepas looks as sick as possible!
The plant is engulfed in calcifying dust.
The catoblepas gores you but does no damage.
You hit the catoblepas but do no damage.
The catoblepas is almost dead.
You hit the catoblepas but do no damage.
The catoblepas looks as sick as possible!
The plant is engulfed in calcifying dust.
Your black bear zombie is engulfed in calcifying dust.
Your black bear zombie stops moving altogether!
Your polar bear zombie bites the catoblepas!
Your polar bear zombie claws the catoblepas but does no damage. x2
Your polar bear zombie bites the catoblepas but does no damage.
Your polar bear zombie claws the catoblepas but does no damage. x2
You catch the helpless catoblepas completely off-guard!
You puncture the catoblepas with your +2 trident of draining!
You kill the catoblepas!
Kikubaaqudgha accepts your kill.
You start waiting.
A nearby plant withers and dies.
Your black bear zombie is engulfed in calcifying dust.
You start waiting.
Your polar bear zombie stops moving altogether!
Your black bear zombie is engulfed in calcifying dust.
You start waiting.
Your black bear zombie is engulfed in calcifying dust.
You start waiting.
Your black bear zombie is no longer petrified.
Your polar bear zombie is no longer petrified.
Done waiting.
Found a dwarf skeleton.
A death yak and a lindwurm come into view.
Found an elf skeleton.
You swap places.
You swap places.
A blast of flame appears from out of your range of vision.
The blast of flame hits your polar bear zombie!!!
You swap places.
A blast of flame appears from out of your range of vision.
The blast of flame hits your polar bear zombie!!
Your polar bear zombie is destroyed!
The blast of flame hits the plant!!
The plant begins to die.
You swap places.
You swap places.
You hit the lindwurm with your +2 spear of venom.
The lindwurm is poisoned.
The lindwurm is lightly wounded.
You hit the lindwurm with your +2 trident of draining.
You drain the lindwurm.
The lindwurm bites you but does no damage.
The lindwurm claws you.
The lindwurm claws you but does no damage.
You hit the lindwurm with your +2 spear of venom.
The lindwurm looks as sick as possible!
The lindwurm is moderately wounded.
You hit the lindwurm with your +2 trident of draining.
You drain the lindwurm.
You hit the lindwurm with your +2 trident of draining.
The lindwurm is severely wounded.
You hit the lindwurm but do no damage.
The lindwurm looks as sick as possible!
A nearby plant withers and dies.
The lindwurm misses you.
The lindwurm claws you but does no damage.
The lindwurm claws you.
You barely miss the lindwurm with your +2 trident of draining.
The lindwurm is severely wounded.
You hit the lindwurm but do no damage.
The lindwurm looks as sick as possible!
You closely miss the lindwurm with your +2 trident of draining.
The lindwurm is severely wounded.
You hit the lindwurm with your +2 spear of venom.
The lindwurm looks as sick as possible!
The lindwurm bites you. The lindwurm claws you. x2
You hit the lindwurm with your +2 spear of venom.
The lindwurm looks as sick as possible!
The lindwurm is severely wounded.
You hit the lindwurm with your +2 trident of draining.
You drain the lindwurm.
You kill the lindwurm!
Kikubaaqudgha accepts your kill.
No target in view!
You see here a lindwurm corpse.
The death yak bellows!
You hear a shout!
You reach to attack!
You hit the death yak but do no damage. x2
You drain the death yak.
You reach to attack!
You barely miss the death yak with your +2 trident of draining.
The death yak is lightly wounded.
You hit the death yak but do no damage.
The death yak is poisoned.
Your polar bear zombie bites the death yak.
Your polar bear zombie claws the death yak but does no damage. x2
You hit the death yak but do no damage. You drain the death yak.
The death yak is lightly wounded.
You hit the death yak with your +2 spear of venom.
The death yak looks as sick as possible!
You hit the death yak but do no damage.
The death yak looks as sick as possible!
The death yak is lightly wounded.
You hit the death yak with your +2 trident of draining.
The death yak gores you!
Your polar bear zombie bites the death yak but does no damage.
Your polar bear zombie claws the death yak. x2
You barely miss the death yak with your +2 spear of venom.
The death yak is moderately wounded.
You puncture the death yak with your +2 trident of draining!
You drain the death yak.
The death yak gores you but does no damage.
You swap places.
Your polar bear zombie completely misses the death yak. x2
Your polar bear zombie claws the death yak but does no damage.
Your black bear zombie bites the death yak.
Your black bear zombie claws the death yak but does no damage. x2
The death yak gores your black bear zombie!!
You could not reach far enough!
You reach to attack!
You barely miss the death yak with your +2 spear of venom.
The death yak is severely wounded.
You hit the death yak but do no damage.
The death yak gores your black bear zombie!!
Your polar bear zombie bites the death yak but does no damage.
Your polar bear zombie claws the death yak but does no damage. x2
Your black bear zombie bites the death yak but does no damage.
Your black bear zombie claws the death yak but does no damage. x2
You could not reach far enough!
You reach to attack!
You hit the death yak but do no damage.
The death yak looks as sick as possible!
The death yak is severely wounded.
You hit the death yak with your +2 trident of draining.
The death yak gores your black bear zombie!!
Your black bear zombie is destroyed!
Your polar bear zombie barely misses the death yak.
Your polar bear zombie claws the death yak but does no damage. x2
You reach to attack!
You hit the death yak but do no damage.
The death yak looks as sick as possible!
The death yak is severely wounded.
You hit the death yak but do no damage. You drain the death yak.
You hit the death yak with your +2 trident of draining.
You drain the death yak.
The death yak is almost dead.
You hit the death yak but do no damage.
The death yak looks as sick as possible!
Your polar bear zombie completely misses the death yak.
Your polar bear zombie claws the death yak but does no damage. x2
You completely miss the death yak with your +2 spear of venom.
The death yak is almost dead.
You hit the death yak with your +2 trident of draining.
The death yak gores you but does no damage.
You barely miss the death yak with your +2 trident of draining.
The death yak is almost dead.
You hit the death yak but do no damage.
The death yak looks as sick as possible!
Your polar bear zombie bites the death yak.
The death yak dies!
Kikubaaqudgha accepts your kill.
No target in view!
No target in view!
A deep troll shaman comes into view.
A deep troll shaman is nearby!
A deep troll shaman is nearby!
You see here a lindwurm corpse.
You start resting.
Your polar bear zombie bites the deep troll shaman.
Your polar bear zombie claws the deep troll shaman but does no damage. x2
You could not reach far enough!
The deep troll shaman bites your polar bear zombie!
The deep troll shaman claws your polar bear zombie!
The deep troll shaman claws your polar bear zombie!!
You could not reach far enough!
Your polar bear zombie bites the deep troll shaman!
Your polar bear zombie closely misses the deep troll shaman.
Your polar bear zombie claws the deep troll shaman.
The deep troll shaman bites your polar bear zombie but does no damage.
The deep troll shaman claws your polar bear zombie!!
Your polar bear zombie is destroyed!
You reach to attack!
You hit the deep troll shaman but do no damage.
The deep troll shaman is poisoned.
The deep troll shaman is moderately wounded.
You barely miss the deep troll shaman with your +2 trident of draining.
You reach to attack!
You closely miss the deep troll shaman with your +2 spear of venom.
The deep troll shaman is moderately wounded.
You puncture the deep troll shaman with your +2 trident of draining!
You drain the deep troll shaman.
You puncture the deep troll shaman with your +2 trident of draining!
The deep troll shaman is severely wounded.
You hit the deep troll shaman with your +2 spear of venom.
You puncture the deep troll shaman with your +2 spear of venom!
You kill the deep troll shaman!
Kikubaaqudgha accepts your kill.
The troll leather armour is intact enough to wear.
Your Armour skill increases to level 9!
No target in view!
No target in view!
Things that are here:
a +0 troll leather armour; a deep troll corpse; a lindwurm corpse HP restored.
Found an elf skeleton.
Found two human skeletons.
A malevolent force fills the Lair of Beasts...
With a horrendous wail, an alarm goes off!
A sentinel's mark forms upon you.
You hear a bellow! x2
Found a human skeleton.
Things that are here:
a +0 troll leather armour; a deep troll corpse; a lindwurm corpse A death yak is nearby!
You see here an elf skeleton.
A death yak is nearby!
A death yak is nearby!
A death yak is nearby!
You see here an orc skeleton.
The sentinel's mark upon you fades away.
The death yak gores you!
The death yak attacks as it pursues you!
The death yak completely misses you.
Casting: Animate Dead (mildly dangerous; 1% risk of failure)
Confirm with . or Enter, or press ? or * to list all spells.
You call upon the dead to rise.
The death yak closely misses you.
You hit the death yak but do no damage.
The death yak is poisoned.
You hit the death yak but do no damage.
You hit the death yak with your +2 spear of venom.
The death yak looks even sicker.
The death yak is lightly wounded.
You hit the death yak but do no damage. The death yak gores you!
You hit the death yak with your +2 trident of draining.
The death yak is lightly wounded.
You completely miss the death yak with your +2 spear of venom.
The death yak gores you!
You barely miss the death yak with your +2 trident of draining.
The death yak is lightly wounded.
You barely miss the death yak with your +2 spear of venom.
The death yak bellows!
You hit the death yak with your +2 trident of draining.
The death yak is lightly wounded.
You barely miss the death yak with your +2 spear of venom.
The death yak barely misses you.
You completely miss the death yak with your +2 spear of venom.
The death yak is lightly wounded.
You hit the death yak but do no damage. You hit the death yak but do no damage.
You drain the death yak.
The death yak is lightly wounded.
You hit the death yak with your +2 spear of venom.
The death yak looks as sick as possible!
The death yak gores you.
You hit the death yak but do no damage.
The death yak looks as sick as possible!
The death yak is lightly wounded.
You hit the death yak with your +2 trident of draining.
You drain the death yak. The death yak gores you!
You are too injured to fight recklessly!
You are too injured to fight recklessly!
You are too injured to fight recklessly!
You are too injured to fight recklessly!
You are too injured to fight recklessly!
You are too injured to fight recklessly!
You are too injured to fight recklessly!
You are too injured to fight recklessly!
You are too injured to fight recklessly!
You are too injured to fight recklessly!
You are too injured to fight recklessly!
You are too injured to fight recklessly!
You are too injured to fight recklessly!
You are too injured to fight recklessly!
You are too injured to fight recklessly!
You are too injured to fight recklessly!
You are too injured to fight recklessly!
You are too injured to fight recklessly!
You are too injured to fight recklessly!
You hit the death yak but do no damage. You drain the death yak.
The death yak is moderately wounded.
You hit the death yak with your +2 spear of venom.
You barely miss the death yak with your +2 spear of venom.
The death yak is moderately wounded.
You barely miss the death yak with your +2 trident of draining.
The death yak gores you but does no damage.
You hit the death yak with your +2 spear of venom.
The death yak is moderately wounded.
You puncture the death yak with your +2 trident of draining!
You drain the death yak.
You puncture the death yak with your +2 trident of draining!
You drain the death yak.
The death yak is severely wounded.
You hit the death yak with your +2 spear of venom.
The death yak gores you.
You hit the death yak but do no damage.
The death yak is severely wounded.
You barely miss the death yak with your +2 spear of venom.
The death yak completely misses you.
You puncture the death yak with your +2 spear of venom!
The death yak looks as sick as possible!
The death yak is almost dead.
You hit the death yak with your +2 trident of draining.
You drain the death yak. You hit the death yak but do no damage.
The death yak looks as sick as possible!
The death yak is almost dead.
You hit the death yak with your +2 trident of draining.
You drain the death yak.
You kill the death yak!
Kikubaaqudgha accepts your kill.
Reach: I) +2 trident (drain) {Mbali}
Press: ? - help, Dir - move target, f - death yak
Aim: a death yak (about 16% to evade your +2 trident of draining)
You reach to attack!
You hit the death yak but do no damage.
The death yak is poisoned.
You hit the death yak but do no damage.
You hit the death yak with your +2 spear of venom.
The death yak looks as sick as possible!
The death yak is lightly wounded.
You hit the death yak but do no damage. You drain the death yak.
The death yak gores you.
You barely miss the death yak with your +2 spear of venom.
The death yak is lightly wounded.
You hit the death yak but do no damage.
You hit the death yak with your +2 trident of draining.
You drain the death yak.
The death yak is lightly wounded.
You hit the death yak with your +2 spear of venom.
The death yak looks as sick as possible!
The death yak gores you!
You hit the death yak but do no damage.
The death yak is moderately wounded.
You hit the death yak but do no damage. You drain the death yak.
You hit the death yak but do no damage.
The death yak looks as sick as possible!
The death yak is moderately wounded.
You puncture the death yak with your +2 trident of draining!
You drain the death yak.
The death yak gores you but does no damage.
You puncture the death yak with your +2 spear of venom!
The death yak is severely wounded.
You hit the death yak but do no damage. You drain the death yak.
The death yak gores you.
* * * LOW HITPOINT WARNING * * *
You barely miss the death yak with your +2 spear of venom.
The death yak is severely wounded.
You hit the death yak with your +2 trident of draining.
You hit the death yak but do no damage.
The death yak looks as sick as possible!
The death yak is severely wounded.
You puncture the death yak with your +2 trident of draining!
You drain the death yak.
You kill the death yak!
Kikubaaqudgha accepts your kill.
You hit the death yak but do no damage.
The death yak is poisoned.
You hit the death yak but do no damage. You drain the death yak.
You barely miss the death yak with your +2 spear of venom.
The death yak is lightly wounded.
You barely miss the death yak with your +2 trident of draining.
The death yak gores you.
* * * LOW HITPOINT WARNING * * *
You hit the death yak but do no damage.
The death yak looks as sick as possible!
The death yak is lightly wounded.
You hit the death yak but do no damage. The death yak gores you.
* * * LOW HITPOINT WARNING * * *
You hit the death yak with your +2 trident of draining.
The death yak is lightly wounded.
You hit the death yak with your +2 spear of venom.
The death yak looks as sick as possible!
You hit the death yak but do no damage. You drain the death yak.
The death yak is lightly wounded.
You hit the death yak but do no damage.
The death yak looks as sick as possible!
The death yak closely misses you.
You barely miss the death yak with your +2 spear of venom.
The death yak is moderately wounded.
You puncture the death yak with your +2 trident of draining!
You hit the death yak with your +2 spear of venom.
The death yak looks as sick as possible!
The death yak is moderately wounded.
You hit the death yak with your +2 trident of draining.
You drain the death yak. The death yak gores you!
* * * LOW HITPOINT WARNING * * *
You hit the death yak with your +2 trident of draining.
You drain the death yak.
The death yak is heavily wounded.
You hit the death yak but do no damage. The death yak closely misses you.
You hit the death yak with your +2 trident of draining.
The death yak is heavily wounded.
You hit the death yak with your +2 spear of venom.
The death yak looks as sick as possible!
You hit the death yak but do no damage.
The death yak looks as sick as possible!
The death yak is severely wounded.
You hit the death yak but do no damage.
The death yak gores you but does no damage.
You puncture the death yak with your +2 trident of draining!
The death yak is severely wounded.
You hit the death yak but do no damage.
The death yak looks as sick as possible!
You hit the death yak but do no damage. You drain the death yak.
The death yak is almost dead.
You hit the death yak with your +2 spear of venom.
The death yak looks as sick as possible!
The death yak barely misses you.
You hit the death yak with your +2 spear of venom.
The death yak looks as sick as possible!
The death yak is almost dead.
You puncture the death yak with your +2 trident of draining!
You kill the death yak!
Kikubaaqudgha accepts your kill.
Kikubaaqudgha will grant you forbidden knowledge or bloody your weapon with pain... once.
The dead are walking!
Things that are here:
a death yak corpse; a death yak corpse You start resting.
Your reaping aura is weakening.
You start resting.
Your reaping aura expires.
You start resting.
HP restored.
You see here an orc skeleton.
You see here an orc skeleton.
Things that are here:
a +0 troll leather armour; a deep troll skeleton; a lindwurm skeleton
Found a scale mail.
You see here an elf skeleton.
Found an elf skeleton.
Found a broad axe.
Found a blackened bronze ring.
Found a ring mail and an ancient jade amulet.
You now have 1597 gold pieces (gained 12).
You see here a +0 scale mail.
J - a wand of charming (19) (gained 1 charge)
g - a wand of digging (19) (gained 6 charges)
You now have 1607 gold pieces (gained 10).
You see here the +8 battleaxe of Konujim {holy, rPois rC+++ rN+ Str-5}.
Done exploring.
You see here the amulet of Noxzinn {rPois Regen+ Int+2}.
Done exploring.
Done exploring.
Done exploring.
What level of the Dungeon? (default 11, ? - help)
You see here a human skeleton.
You see here a dwarf skeleton.
You see here a wolf skeleton.
You see here a wolf skeleton.
You see here an elephant skeleton.
There is a stone staircase leading up here.
You climb upwards.
Your mindless puppet stays behind to rot.
There is a stone staircase leading down here.
There is a stone staircase leading up here.
You climb upwards.
Level annotation: exclusion: eleionoma
There is a stone staircase leading down here.
There is a stone staircase leading up here.
You climb upwards.
There is a stone staircase leading down here.
There is a stone staircase leading up here.
You climb upwards.
There is a stone staircase leading down here.
There is an open door here.
There is an open door here.
There is an open door here.
There is a staircase back to the Dungeon here.
You climb upwards.
Welcome back to the Dungeon!
There is a staircase to the Lair here.
What level of the Orcish Mines? (default 1, ? - help)
There is a stone staircase leading up here.
You climb upwards.
There is a stone staircase leading down here.
There is a stone staircase leading up here.
You climb upwards.
There is a stone staircase leading down here.
Things that are here:
a +0 giant spiked club; a +0 giant club; a two-headed ogre skeleton
Things that are here:
7 stones; a +0 orcbow
There is a staircase to the Orcish Mines here.
You climb downwards.
Welcome to the Orcish Mines!
The orc sorcerer shouts!
Found 16 gold pieces.
There is a staircase back to the Dungeon here.
An orc sorcerer is nearby!
You reach to attack!
You puncture the orc sorcerer with your +2 spear of venom!
The orc sorcerer is poisoned.
The orc sorcerer is moderately wounded.
You puncture the orc sorcerer with your +2 trident of draining!
You drain the orc sorcerer.
You reach to attack!
You hit the orc sorcerer but do no damage.
You drain the orc sorcerer.
The orc sorcerer is severely wounded.
You closely miss the orc sorcerer with your +2 spear of venom.
You hit the orc sorcerer but do no damage.
The orc sorcerer looks as sick as possible!
The orc sorcerer is severely wounded.
You hit the orc sorcerer with your +2 trident of draining.
You puncture the orc sorcerer with your +2 trident of draining!
You kill the orc sorcerer!
Kikubaaqudgha accepts your kill.
Found 32 gold pieces.
Things that are here:
a +0 dagger; a +2 robe of willpower; an orc corpse An ogre comes into view.
It is wielding a +0 giant spiked club.
Found 25 gold pieces.
An ogre is nearby!
Found a stone staircase leading down.
The ogre shouts!
You hit the ogre with your +2 spear of venom.
The ogre is poisoned.
The ogre is lightly wounded.
You barely miss the ogre with your +2 trident of draining.
You hit the ogre with your +2 trident of draining.
You drain the ogre.
The ogre is moderately wounded.
You barely miss the ogre with your +2 spear of venom.
The ogre barely misses you.
You hit the ogre with your +2 trident of draining.
The ogre is moderately wounded.
You hit the ogre with your +2 spear of venom.
The ogre looks as sick as possible!
An orc wizard comes into view. It is wielding a +0 dagger.
You closely miss the ogre with your +2 trident of draining.
The ogre is heavily wounded.
The orc wizard shouts!
You puncture the ogre with your +2 spear of venom!
The ogre looks as sick as possible!
The ogre barely misses you.
You barely miss the ogre with your +2 spear of venom.
The ogre is almost dead.
You hit the ogre with your +2 trident of draining.
You drain the ogre.
You kill the ogre!
Kikubaaqudgha accepts your kill.
Found 18 gold pieces.
The orc wizard mumbles some strange words.
The orc wizard flickers and vanishes!
Deactivating autopickup; reactivate with Ctrl-A.
You hear a shout!
No target in view!
No target in view!
No target in view!
No target in view!
An orc warrior comes into view. It is wielding a +2 heavy long sword.
You hit something with your +2 spear of venom.
You miss something with your +2 trident of draining.
You hit something but do no damage.
You hit something with your +2 spear of venom.
You hear some strange, mumbled words.
A puff of flame appears from out of thin air!
The puff of flame hits you. You resist.
You miss something with your +2 trident of draining.
You completely miss something with your +2 spear of venom.
Something completely misses you.
You hit something but do no damage.
You hit something with your +2 trident of draining.
You closely miss something with your +2 spear of venom.
You hit something with your +2 trident of draining.
Kikubaaqudgha accepts your kill.
Reactivating autopickup.
You feel a bit more experienced.
Casting: Animate Dead (mildly dangerous; 1% risk of failure)
Confirm with . or Enter, or press ? or * to list all spells.
You call upon the dead to rise.
An orc wizard comes into view. It is wielding a +0 dagger.
The orc wizard moves out of view.
You hit the orc warrior with your +2 trident of draining.
The orc warrior is moderately wounded.
You barely miss the orc warrior with your +2 spear of venom.
You hit the orc warrior but do no damage.
You drain the orc warrior.
The orc warrior is moderately wounded.
You barely miss the orc warrior with your +2 spear of venom.
The orc warrior closely misses you.
You completely miss the orc warrior with your +2 trident of draining.
The orc warrior is moderately wounded.
You hit the orc warrior but do no damage.
You hit the orc warrior with your +2 spear of venom.
The orc warrior is poisoned.
The orc warrior is heavily wounded.
You hit the orc warrior with your +2 trident of draining.
The orc warrior barely misses you.
You hit the orc warrior but do no damage.
The orc warrior is heavily wounded.
You hit the orc warrior with your +2 spear of venom.
The orc warrior looks as sick as possible!
You barely miss the orc warrior with your +2 spear of venom.
The orc warrior is almost dead.
You barely miss the orc warrior with your +2 trident of draining.
You hit the orc warrior but do no damage.
The orc warrior is almost dead.
You hit the orc warrior but do no damage.
The orc warrior looks as sick as possible!
The orc wizard hits you with a +0 dagger.
The orc warrior barely misses you.
You puncture the orc warrior with your +2 trident of draining!
You kill the orc warrior!
Kikubaaqudgha accepts your kill.
The dead are walking!
The orc wizard hits you but does no damage.
You hit the orc wizard but do no damage.
The orc wizard is poisoned.
You hit the orc wizard but do no damage.
You puncture the orc wizard with your +2 trident of draining!
The orc wizard is almost dead.
You hit the orc wizard with your +2 spear of venom.
You kill the orc wizard!
Kikubaaqudgha accepts your kill.
No target in view!
No target in view!
HP restored.
Magic restored.
You swap places.
Found 17 gold pieces.
Things that are here:
a +2 heavy long sword; a +0 plate armour You now have 1628 gold pieces (gained 21).
Things that are here:
a +0 dagger; a +0 robe; an orc corpse You swap places.
Things that are here:
a +0 dagger; a +0 robe; an orc corpse You now have 1653 gold pieces (gained 25).
You swap places.
Things that are here:
a +0 dagger; a +0 robe; an orc corpse You now have 1685 gold pieces (gained 32).
Your reaping aura is weakening.
You now have 1703 gold pieces (gained 18).
An orc warrior and 3 orcs come into view.
There are monsters nearby!
There are monsters nearby! 2 orc warriors, a troll and an orc come into view.
The orc shouts!
The troll shouts!
The orc shouts!
You hear a shout!
An orc comes into view. It is wielding a +0 club.
An orc warlord, an orc warrior and a troll come into view.
The orc warlord is wielding a +0 war axe and wearing a +2 plate armour of willpower.
The orc warrior is wielding a +0 trident of venom.
An orc comes into view. It is wielding a +0 short sword.
Your reaping aura expires.
Your orc warrior zombie hits the orc.
The orc hits your orc warrior zombie with a +0 dagger.
The orc warrior unwields a +0 trident of venom.
It stops dripping with poison.
The orc warrior wields a +0 orcbow.
The orc warrior shoots an arrow.
The arrow hits you.
Your orc warrior zombie barely misses the orc.
The orc barely misses your orc warrior zombie.
Found 23 gold pieces.
Your orc warrior zombie barely misses the orc.
Your orc warrior zombie hits the orc.
There are monsters nearby!
Your orc warrior zombie hits the orc!
The orc dies!
Kikubaaqudgha accepts your kill. The orc misses your orc warrior zombie.
Something hits your orc warrior zombie. Something hits your orc warrior zombie.
Something bites your orc warrior zombie!
Something claws your orc warrior zombie!
Your orc warrior zombie is destroyed!
The orc warlord roars a battlecry!
The orcs go into a battle-frenzy!
You hear a shout!
There is a staircase back to the Dungeon here.
Casting: Animate Dead (mildly dangerous; 1% risk of failure)
Confirm with . or Enter, or press ? or * to list all spells.
Malign forces permeate your being, awaiting release.
The orc warlord roars a battlecry!
Casting: Death Channel (dangerous; 26% risk of failure)
Confirm with . or Enter, or press ? or * to list all spells.
You call upon the dead to rise.
The orc warrior hits you but does no damage.
You hit the orc with your +2 spear of venom.
The orc is poisoned.
The orc is moderately wounded.
You puncture the orc with your +2 trident of draining!
You kill the orc!
Kikubaaqudgha accepts your kill.
Reach: I) +2 trident (drain) {Mbali}
Press: ? - help, Dir - move target, f - orc warrior
Aim: an orc warrior, wielding a +0 dire flail and wearing a +0 chain mail (strong, about 32% to evade your +2 trident of draining)
You reach to attack!
You hit the orc warrior with your +2 spear of venom.
The orc warrior is lightly wounded.
You barely miss the orc warrior with your +2 trident of draining.
The orc warrior hits you from afar with a +0 glaive.
Reach: I) +2 trident (drain) {Mbali}
Press: ? - help, Dir - move target, f/p - orc warrior
Aim: an orc warrior, wielding a +0 dire flail and wearing a +0 chain mail (lightly wounded, strong, about 32% to evade your +2 trident of draining)
You barely miss the orc warrior with your +2 spear of venom.
The orc warrior is lightly wounded.
You hit the orc warrior with your +2 trident of draining.
You drain the orc warrior.
You puncture the orc warrior with your +2 trident of draining!
The orc warrior is severely wounded.
You hit the orc warrior with your +2 spear of venom.
The orc warrior is poisoned.
The orc warrior barely misses you. The orc warrior closely misses you.
The orc warrior hits you from afar with a +0 glaive!
You hit the orc warrior with your +2 spear of venom.
You kill the orc warrior!
Kikubaaqudgha accepts your kill.
The dead are walking!
The orc warrior closely misses you.
The orc warrior hits you from afar with a +0 glaive.
You closely miss the troll with your +2 spear of venom.
You hit the troll but do no damage. The troll misses you. The troll claws you.
The troll misses you.
You hit the troll with your +2 spear of venom.
The troll is poisoned.
The troll is lightly wounded.
You puncture the troll with your +2 trident of draining!
An orc comes into view. It is wielding a +0 hand axe.
The orc warrior barely misses you. x2
You puncture the troll with your +2 trident of draining!
You drain the troll.
The troll is almost dead.
You hit the troll but do no damage.
The troll looks even sicker.
The troll bites you but does no damage. The troll misses you.
The troll claws you but does no damage.
Your spectral orc hits the troll.
An orc sorcerer comes into view.
It is wielding a +2 dagger of holy wrath.
You hit the troll but do no damage. You drain the troll.
You kill the troll!
Kikubaaqudgha accepts your kill.
The dead are walking!
A glowing mist starts to gather...
The orc warrior hits you from afar with a +0 glaive!
The orc warrior barely misses you.
Your spectral orc warrior hits the orc warrior but does no damage.
You closely miss the orc warlord with your +2 spear of venom.
You hit the orc warlord with your +2 trident of draining.
You drain the orc warlord.
Your spectral orc closely misses the orc warlord.
The orc hits your orc warrior zombie with a +0 hand axe.
An orc warrior comes into view.
It is wielding a +2 battleaxe of freezing.
The orc sorcerer casts a spell.
The orc warrior hits you from afar with a +0 glaive!
The orc warrior hits you but does no damage.
Your spectral orc warrior closely misses the orc warrior.
The orc warlord hits you with a +0 war axe.
The orc warlord hits your orc warrior zombie with a +0 war axe!
The orc warlord hits your spectral orc warrior with a +0 war axe!!
The orc warlord hits your spectral orc with a +0 war axe!
Your spectral orc is destroyed!
You swap places.
Your troll zombie bites the orc warlord!
Your troll zombie claws the orc warlord but does no damage.
Your troll zombie claws the orc warlord.
The orc hits your orc warrior zombie with a +0 hand axe!
Your orc warrior zombie hits the orc.
The orc warrior hits your spectral orc warrior with a +0 glaive!!
Your spectral orc warrior is destroyed!
The orc warlord hits your troll zombie with a +0 war axe!
The orc warlord hits your orc warrior zombie with a +0 war axe!
Your orc warrior zombie is destroyed!
The orc warrior attacks as it pursues you!
The orc warrior hits you from afar with a +0 glaive!
* * * LOW HITPOINT WARNING * * *
Reach: I) +2 trident (drain) {Mbali}
Press: ? - help, Dir - move target, f - orc warlord
Aim: an orc warlord, wielding a +0 war axe and wearing a +2 plate armour of willpower (lightly wounded, lightly drained, ally target, about 21% to evade your +2 trident of draining)
You reach to attack!
You hit the orc warlord but do no damage.
You drain the orc warlord.
The orc warlord is lightly wounded.
You closely miss the orc warlord with your +2 spear of venom.
Reach: I) +2 trident (drain) {Mbali}
Press: ? - help, Dir - move target, f/p - orc warlord
Aim: an orc warlord, wielding a +0 war axe and wearing a +2 plate armour of willpower (lightly wounded, lightly drained, ally target, about 21% to evade your +2 trident of draining)
You reach to attack!
You barely miss the orc warlord with your +2 trident of draining.
The orc warlord is lightly wounded.
You puncture the orc warlord with your +2 spear of venom!
The orc warlord is poisoned.
Your troll zombie bites the orc warlord!
Your troll zombie barely misses the orc warlord.
Your troll zombie claws the orc warlord but does no damage.
The orc warlord hits your troll zombie with a +0 war axe!!
The orc warlord hits your spectral troll with a +0 war axe!
The orc warrior barely misses you.
Reach: I) +2 trident (drain) {Mbali}
Press: ? - help, Dir - move target, f/p - orc warlord
Aim: an orc warlord, wielding a +0 war axe and wearing a +2 plate armour of willpower (moderately wounded, very poisoned, lightly drained, ally target, about 21% to evade your +2 trident of draining)
You reach to attack!
You hit the orc warlord but do no damage.
The orc warlord looks as sick as possible!
The orc warlord is moderately wounded.
You hit the orc warlord but do no damage.
You drain the orc warlord.
Your spectral troll bites the orc warlord but does no damage.
Your spectral troll claws the orc warlord but does no damage.
Your spectral troll barely misses the orc warlord.
The orc hits your spectral troll with a +0 hand axe.
Reach: I) +2 trident (drain) {Mbali}
Press: ? - help, Dir - move target, f/p - orc warlord
Aim: an orc warlord, wielding a +0 war axe and wearing a +2 plate armour of willpower (moderately wounded, extremely poisoned, lightly drained, ally target, about 21% to evade your +2 trident of draining)
You could not reach far enough!
The orc sorcerer no longer looks unusually strong.
The orc warlord hits your troll zombie with a +0 war axe!!
The orc warlord hits your spectral troll but does no damage.
The orc warrior closely misses you.
Your troll zombie bites the orc warlord!
Your troll zombie claws the orc warlord but does no damage. x2
Your spectral troll bites the orc!
The orc dies!
Kikubaaqudgha accepts your kill.
The dead are walking!
Okay, then.
Okay, then.
Okay, then.
A red film seems to cover your vision as you go berserk!
You feel yourself moving faster!
You feel mighty!
The orc warrior no longer looks unusually strong.
The orc hits your spectral troll with a +0 short sword.
The orc warrior hits you from afar with a +0 glaive!
* * * LOW HITPOINT WARNING * * *
The orc warlord roars a battlecry!
The orcs go into a battle-frenzy!
The orc warrior hits you from afar with a +0 glaive!!
* * * LOW HITPOINT WARNING * * *
Your spectral troll closely misses the orc warlord.
Your spectral troll claws the orc warlord.
Your spectral troll claws the orc warlord!
Your spectral troll drains the orc warlord.
Reach: I) +2 trident (drain) {Mbali}
Press: ? - help, Dir - move target, f/p - orc warlord
Aim: an orc warlord, wielding a +0 war axe and wearing a +2 plate armour of willpower (heavily wounded, extremely poisoned, lightly drained, ally target, about 21% to evade your +2 trident of draining)
You reach to attack!
You barely miss the orc warlord with your +2 spear of venom.
The orc warlord is heavily wounded.
You hit the orc warlord with your +2 trident of draining.
You drain the orc warlord.
Your troll zombie barely misses the orc warlord. x2
Your troll zombie claws the orc warlord but does no damage.
Your orc zombie barely misses the orc.
The orc warrior hits your spectral troll with a +2 battleaxe of freezing!!
The orc warrior freezes your spectral troll!
Your spectral troll is destroyed!
The orc warrior hits your spectral orc with a +2 battleaxe of freezing!
The orc warrior freezes your spectral orc.
Your spectral orc is destroyed!
Reach: I) +2 trident (drain) {Mbali}
Press: ? - help, Dir - move target, f/p - orc warlord
Aim: an orc warlord, wielding a +0 war axe and wearing a +2 plate armour of willpower (severely wounded, extremely poisoned, lightly drained, ally target, about 21% to evade your +2 trident of draining)
You reach to attack!
You hit the orc warlord but do no damage.
You drain the orc warlord.
The orc warlord is severely wounded.
You barely miss the orc warlord with your +2 spear of venom.
The orc warrior no longer looks unusually strong.
The orc warrior hits you from afar with a +0 glaive!
* * * LOW HITPOINT WARNING * * *
The orc warlord hits your troll zombie with a +0 war axe!
Your troll zombie is destroyed!
The orc warrior hits you from afar with a +0 glaive.
* * * LOW HITPOINT WARNING * * *
Reach: I) +2 trident (drain) {Mbali}
Press: ? - help, Dir - move target, f/p - orc warlord
Aim: an orc warlord, wielding a +0 war axe and wearing a +2 plate armour of willpower (severely wounded, extremely poisoned, lightly drained, ally target, about 21% to evade your +2 trident of draining)
You reach to attack!
You hit the orc warlord but do no damage.
The orc warlord is severely wounded.
You puncture the orc warlord with your +2 spear of venom!
The orc warlord looks as sick as possible!
Reach: I) +2 trident (drain) {Mbali}
Press: ? - help, Dir - move target, f/p - orc warlord
Aim: an orc warlord, wielding a +0 war axe and wearing a +2 plate armour of willpower (severely wounded, extremely poisoned, lightly drained, ally target, about 21% to evade your +2 trident of draining)
You reach to attack!
You impale the orc warlord with your +2 trident of draining!!
You drain the orc warlord.
The orc warlord is almost dead.
You completely miss the orc warlord with your +2 spear of venom.
You kill the orc warlord!
Kikubaaqudgha accepts your kill.
The dead are walking!
A glowing mist starts to gather...
The orc hits your spectral orc warlord with a +0 short sword.
The orc warrior hits you from afar with a +0 glaive!
* * * LOW HITPOINT WARNING * * *
Reach: I) +2 trident (drain) {Mbali}
Press: ? - help, Dir - move target, f - orc warrior
Aim: an orc warrior, wielding a +0 glaive and wearing a +0 chain mail (strong, about 32% to evade your +2 trident of draining)
You reach to attack!
You puncture the orc warrior with your +2 trident of draining!
You drain the orc warrior.
The orc warrior is heavily wounded.
You hit the orc warrior with your +2 spear of venom.
The orc warrior is poisoned.
The orc warrior hits you from afar with a +0 glaive!!
You die...
Kikubaaqudgha rasps: You have failed me!
Welcome... death!

...>............#.##
..).......).....# #
T.o...##.......##
oZ.T..o#...#.###
o..#..#.....#o####
T.$...#.....).o#.##
#o...#......o4.o..#
o...#.......oTo#.##
..####......#oZZ@.#
.## ###.....#o....#
# ###..Z.....##
#......$.##
##...#.### #######


You could see an ice devil (summoned), a troll, an orc sorcerer (strong), 4 orc
warriors, 3 orcs, a friendly spectral orc warlord, a friendly orc zombie and a
friendly orc warlord zombie.

Vanquished Creatures
  An orc warlord (Orc:1)
  Nessos (Lair:4)
  Fannar (Lair:3)
  4 hydras
  A catoblepas (Lair:5)
  3 two-headed ogres
  4 death yaks (Lair:5)
  A deep troll shaman (Lair:5)
  3 boulder beetles
  Urug (Lair:3)
  2 skysharks
  Lodul (D:12)
  A lindwurm (Lair:5)
  Pikel (D:9)
  A cyclops (D:12)
  An orc sorcerer (Orc:1)
  An orc knight (Bailey)
  4 manticores
  2 ugly things (D:12)
  2 elephants (Lair:5)
  5 black mambas
  Jeremiah (D:9)
  8 cane toads
  A torpor snail (Lair:5)
  An unseen horror (D:11)
  Maggie (Lair:1)
  2 rime drakes
  7 kobold demonologists
  5 komodo dragons
  A troll (Orc:1)
  2 polar bears (Lair:5)
  5 blink frogs
  5 slime creatures (D:12)
  5 wyverns
  43 yaks
  4 wraiths
  A vampire (D:11)
  A basilisk (D:12)
  5 vampire mosquitoes
  An acid dragon (D:11)
  9 water moccasins
  13 orc warriors
  6 black bears
  3 sky beasts
  7 ogres
  19 wolves
  10 centaurs
  4 phantoms
  Blork the orc (D:5)
  6 kobold brigands
  A gnoll sergeant (D:8)
  11 bullfrogs
  A water moccasin zombie (D:4)
  2 scorpions
  5 wights (D:10)
  A troll zombie (D:9)
  A water moccasin skeleton (D:4)
  2 electric eels (Lair:5)
  3 howler monkeys
  3 bombardier beetles
  A centaur zombie (D:4)
  A hound (D:6)
  3 jellies
  5 orc priests
  A sleepcap (D:6)
  A gnoll bouda (D:8)
  A scorpion zombie (D:4)
  2 iguanas
  3 hell rats (D:11)
  6 orc wizards
  5 ogre zombies (D:9)
  11 gnolls
  3 river rats (D:11)
  3 adders
  2 shadow imps
  A white imp (D:6)
  2 ufetubi (D:6)
  An adder zombie (D:4)
  29 orcs
  8 ball pythons
  4 bats
  15 endoplasms
  10 giant cockroaches
  3 gnoll zombies (D:9)
  8 goblins
  8 hobgoblins
  9 jackals
  36 kobolds
  2 quokkas (D:1)
  5 frilled lizards
  3 gnoll skeletons (D:9)
  3 goblin zombies (D:8)
  A kobold skeleton (D:8)
  12 orc zombies (D:9)
  A quokka zombie (D:4)
  3 rats (D:1)
460 creatures vanquished.

Vanquished Creatures (collateral kills)
  A hydra (Lair:2)
  A death yak (Lair:5)
  2 elephants (Lair:5)
  A cane toad (Lair:3)
  2 komodo dragons
  A polar bear (Lair:5)
  A hornet (Lair:5)
  3 blink frogs
  2 yaks (Lair:5)
  A water moccasin (Lair:2)
  9 wolves
  3 bullfrogs
  A jelly (Lair:5)
  2 orcs (Orc:1)
  2 endoplasms (Lair:5)
32 creatures vanquished.

Vanquished Creatures (others)
  A hydra zombie (Lair:5)
  A skyshark zombie (Lair:3)
  3 orc zombies
  An ogre (D:12)
  3 polar bear zombies (Lair:5)
  A troll zombie (Orc:1)
  5 yak zombies
  4 wolf zombies (Lair:1)
  A bullfrog zombie (Lair:1)
  A black bear zombie (Lair:5)
  A gnoll (D:8)
  An orc (D:5)
23 creatures vanquished.

Grand Total: 515 creatures vanquished

Notes
Turn   | Place    | Note
-------+----------+-------------------------------------------
     0 | D:5      | sleeves the Coglin Delver began the quest for the Orb.
     0 | D:5      | Reached XP level 1. HP: 18/18 MP: 1/1
    41 | D:5      | Noticed a howler monkey
    46 | D:5      | Found an opulent altar of Gozag.
    99 | D:5      | Reached skill level 2 in Polearms
   118 | D:5      | Reached XP level 2. HP: 19/24 MP: 2/2
   157 | D:5      | Noticed a wraith
   161 | D:4      | Noticed a black bear
   212 | D:4      | HP: 9/24 [water moccasin zombie (6)]
   214 | D:4      | HP: 4/24 [water moccasin zombie (6)]
   233 | D:4      | Reached skill level 4 in Polearms
   233 | D:4      | Reached XP level 3. HP: 8/29 MP: 3/3
   233 | D:4      | Reached XP level 4. HP: 10/35 MP: 4/4
   462 | D:4      | Noticed a phantom
   969 | D:1      | Reached XP level 5. HP: 41/41 MP: 5/5
  1189 | D:1      | Found a faded altar of an unknown god.
  1881 | D:2      | Reached skill level 5 in Polearms
  2302 | D:3      | Noticed Sigmund
  2531 | D:3      | Identified the amulet of the Raven {Faith Str+3 Int+2}
  3268 | D:4      | Reached XP level 6. HP: 47/47 MP: 6/6
  3324 | D:4      | Reached skill level 6 in Polearms
  3820 | D:4      | Reached XP level 7. HP: 50/52 MP: 7/7
  3895 | D:4      | Reached skill level 7 in Polearms
  3996 | D:4      | Noticed Eustachio
  4156 | D:5      | HP: 25/52 [wraith (10)]
  4166 | D:5      | HP: 16/52 [orc/+0 falchion (2)]
  4173 | D:5      | HP: 16/52 [orc/+0 mace (3)]
  4179 | D:5      | HP: 11/52 [orc/+0 mace (7)]
  4245 | D:6      | HP: 18/52 [shadow imp/nerve-wracking pain (12)]
  4250 | D:6      | HP: 12/52 [black bear (3)]
  4318 | D:6      | HP: 22/52 [white imp/puff of frost (9)]
  4328 | D:6      | HP: 19/52 [white imp/puff of frost (5)]
  4904 | D:5      | Found a burning altar of Makhleb.
  4905 | D:5      | Found a white marble altar of Elyvilon.
  5089 | D:5      | Noticed Blork the orc
  5147 | D:5      | Killed Blork the orc
  5148 | D:5      | Reached skill level 8 in Polearms
  5434 | D:5      | Reached XP level 8. HP: 58/58 MP: 8/8
  5580 | D:5      | HP: 29/58 [centaur/arrow (10)]
  5585 | D:5      | HP: 25/58 [centaur (3)]
  5827 | D:6      | Reached skill level 9 in Polearms
  6338 | D:6      | Reached skill level 10 in Polearms
  6449 | D:6      | Found a bloodstained altar of Trog.
  6636 | D:6      | Reached XP level 9. HP: 45/63 MP: 9/9
  6730 | D:6      | Found a glowing silver altar of Zin.
  6810 | D:7      | Found a hide-covered altar of Uskayaw.
  6953 | D:7      | Found a staircase to the Ecumenical Temple.
  6953 | D:7      | Identified the +7 mace of Mamezei {drain, rPois rF+ Int-4
                  | Stlth+}
  7144 | Temple   | Entered the Ecumenical Temple
  7218 | Temple   | Became a worshipper of Kikubaaqudgha
  7419 | D:7      | Found a blossoming altar of Fedhas.
  7991 | D:8      | Reached skill level 11 in Polearms
  7998 | D:8      | HP: 30/63 [gnoll sergeant/+2 spear of venom (8)]
  8003 | D:7      | HP: 21/63 [poisoned by a gnoll sergeant]
  8322 | D:8      | HP: 27/63 [gnoll sergeant/+2 spear of venom (6)]
  8327 | D:8      | HP: 19/63 [gnoll sergeant/+2 spear of venom (8)]
  8531 | D:8      | Found an iron altar of Okawaru.
  8543 | D:8      | Found a runed translucent door.
  8549 | D:8      | Found a basalt altar of Yredelemnul.
  9079 | D:9      | Reached skill level 1 in Necromancy
  9109 | D:9      | Noticed Jeremiah
  9214 | D:9      | HP: 22/59 [Jeremiah/divine providence (11)]
  9218 | D:9      | Killed Jeremiah
  9219 | D:9      | Reached skill level 2 in Necromancy
  9446 | D:9      | Reached skill level 3 in Necromancy
  9456 | D:9      | Noticed a two-headed ogre
  9464 | D:9      | Killed a two-headed ogre
  9465 | D:9      | Reached skill level 12 in Polearms
  9465 | D:9      | Reached skill level 5 in Necromancy
  9465 | D:9      | Reached XP level 10. HP: 41/70 MP: 10/10
  9595 | D:9      | Reached * piety under Kikubaaqudgha
  9595 | D:9      | Received a gift from Kikubaaqudgha
  9778 | D:9      | Reached skill level 6 in Necromancy
  9889 | D:9      | Found a staircase to the Orcish Mines.
  9914 | D:9      | HP: 35/70 [gnoll skeleton (1)]
  9930 | D:9      | Noticed Pikel
  9935 | D:9      | Killed Pikel
  9936 | D:9      | Reached skill level 7 in Necromancy
 10036 | D:9      | Noticed a kobold demonologist
 10045 | D:9      | Killed a kobold demonologist
 10047 | D:9      | HP: 25/70 [centaur/arrow (15)]
 10054 | D:9      | Reached skill level 8 in Necromancy
 10510 | D:9      | Noticed a two-headed ogre
 10526 | D:9      | Killed a two-headed ogre
 10527 | D:9      | Reached skill level 9 in Necromancy
 10531 | D:9      | Identified the +0 leather armour of Utsus {rElec Str+3
                  | Int-3}
 10557 | D:9      | Learned a level 4 spell: Animate Dead
 10563 | D:9      | Learned a level 5 spell: Borgnjor's Vile Clutch
 10657 | D:9      | Reached ** piety under Kikubaaqudgha
 10668 | D:9      | Reached skill level 1 in Armour
 10675 | D:9      | Reached skill level 1 in Spellcasting
 10675 | D:9      | Reached XP level 11. HP: 45/75 MP: 12/12
 11319 | D:10     | Entered Level 10 of the Dungeon
 11332 | D:10     | Noticed a two-headed ogre
 11342 | D:10     | HP: 27/76 [two-headed ogre/+0 giant spiked club (22)]
 11345 | D:10     | Killed a two-headed ogre
 11346 | D:10     | Reached skill level 4 in Fighting
 11346 | D:10     | Reached skill level 2 in Armour
 11346 | D:10     | Reached skill level 2 in Spellcasting
 11652 | D:10     | Found a flagged portal.
 11766 | Bailey   | Entered a bailey
 11778 | Bailey   | Noticed an orc knight
 11789 | Bailey   | HP: 31/77 [orc knight/+0 war axe (9)]
 11795 | Bailey   | Killed an orc knight
 11797 | Bailey   | HP: 19/78 [kobold/boomerang (1)]
 12061 | Bailey   | Reached skill level 10 in Necromancy
 12090 | Bailey   | HP: 39/78 [orc warrior/+0 war axe (8)]
 12210 | Bailey   | Reached skill level 3 in Armour
 12713 | D:10     | Found a sparkling altar of Nemelex Xobeh.
 12850 | D:10     | Reached skill level 3 in Spellcasting
 12853 | D:10     | Reached skill level 5 in Fighting
 13326 | D:11     | Noticed a boulder beetle
 13534 | D:10     | Learned a level 2 spell: Cigotuvi's Dreadful Rot
 13595 | D:11     | HP: 54/118 [something (9)]
 13601 | D:11     | HP: 30/79 [something (2)]
 13797 | D:11     | HP: 36/79 [boulder beetle (43)]
 13967 | D:11     | Killed a boulder beetle
 14090 | D:11     | Reached *** piety under Kikubaaqudgha
 14090 | D:11     | Received a gift from Kikubaaqudgha
 14091 | D:11     | Reached skill level 4 in Armour
 14095 | D:11     | Noticed a manticore
 14237 | D:11     | HP: 38/80 [vampire mosquito (3)]
 14240 | D:11     | HP: 18/80 [vampire mosquito (7)]
 14242 | D:11     | HP: 4/80 [orc priest/divine providence (13)]
 14620 | D:11     | Killed a manticore
 14784 | D:11     | Found a staircase to the Lair.
 14798 | D:11     | HP: 30/81 [something (15)]
 14800 | D:11     | HP: 5/81 [something (12)]
 15140 | D:10     | Reached skill level 4 in Spellcasting
 15179 | D:10     | HP: 37/81 [yak (6)]
 15187 | D:10     | Reached XP level 12. HP: 32/87 MP: 18/18
 15191 | D:10     | HP: 33/87 [yak (1)]
 15193 | D:10     | Reached skill level 6 in Fighting
 15451 | D:10     | HP: 38/88 [yak (14)]
 15881 | D:12     | Reached skill level 5 in Armour
 15884 | D:12     | Noticed Lodul
 15892 | D:12     | HP: 36/89 [Lodul/bolt of lightning (23)]
 16099 | D:12     | Killed Lodul
 16100 | D:12     | Reached skill level 11 in Necromancy
 16226 | D:12     | HP: 44/89 [brown ugly thing (13)]
 16478 | D:12     | Reached **** piety under Kikubaaqudgha
 16530 | D:12     | Reached skill level 5 in Spellcasting
 16541 | D:12     | Reached skill level 7 in Fighting
 16660 | D:12     | HP: 42/91 [manticore (8)]
 17022 | D:12     | Found a portal to a secret trove of treasure.
 17240 | D:12     | Reached skill level 6 in Armour
 17416 | D:13     | Noticed Jorgrun
 17535 | Lair:1   | Entered Level 1 of the Lair of Beasts
 17839 | Lair:1   | Learned a level 4 spell: Anguish
 17846 | Lair:1   | Learned a level 6 spell: Death Channel
 17900 | Lair:1   | You fall into a shaft and drop 1 floor!
 17965 | Lair:2   | Reached ***** piety under Kikubaaqudgha
 17969 | Lair:2   | Reached skill level 6 in Spellcasting
 17974 | Lair:2   | Reached XP level 13. HP: 73/98 MP: 17/22
 17978 | Lair:2   | HP: 45/98 [wolf (8)]
 18096 | Lair:2   | Reached skill level 8 in Fighting
 18347 | Lair:2   | Reached skill level 12 in Necromancy
 18418 | Lair:2   | Reached skill level 7 in Armour
 18692 | Lair:2   | HP: 45/99 [seven-headed hydra (10)]
 18694 | Lair:2   | Identified the +1 leather armour of the Morning {Rampage}
 19612 | Lair:1   | Noticed Maggie
 19632 | Lair:1   | Killed Maggie
 20068 | Lair:3   | Noticed Urug
 20082 | Lair:3   | Killed Urug
 20083 | Lair:3   | Reached skill level 9 in Fighting
 20238 | Lair:3   | Your ally Urug died
 20243 | Lair:3   | Reached skill level 7 in Spellcasting
 20303 | Lair:3   | Noticed Fannar
 20321 | Lair:3   | HP: 40/101 [cane toad (15)]
 20327 | Lair:3   | Killed Fannar
 20671 | Lair:3   | Found a staircase to the Snake Pit.
 20742 | Lair:3   | Found a staircase to the Swamp.
 20742 | Lair:3   | Noticed an eleionoma
 21259 | Lair:4   | HP: 42/101 [boulder beetle (43)]
 21265 | Lair:4   | HP: 27/151 [poisoned by a cane toad]
 21268 | Lair:4   | HP: 13/151 [poisoned by a cane toad]
 21269 | Lair:4   | Reached skill level 8 in Armour
 21273 | Lair:3   | HP: 6/101 [poisoned by a cane toad]
 22116 | Lair:4   | Noticed Nessos
 22130 | Lair:4   | Killed Nessos
 22503 | Lair:5   | Entered Level 5 of the Lair of Beasts
 22520 | Lair:5   | Reached XP level 14. HP: 70/109 MP: 22/25
 22623 | Lair:5   | Acquired a geosprocket NW-40 {rF+ rC+ Clar RMsl}
 22878 | Lair:5   | Reached skill level 13 in Necromancy
 23158 | Lair:5   | HP: 42/109 [boulder beetle (19)]
 23160 | Lair:5   | HP: 20/109 [boulder beetle (8)]
 23455 | Lair:5   | Reached skill level 10 in Fighting
 23916 | Lair:5   | Found a staircase to the Slime Pits.
 24129 | Lair:5   | Reached skill level 8 in Spellcasting
 24685 | Lair:5   | Reached skill level 9 in Armour
 24770 | Lair:5   | HP: 54/111 [death yak (6)]
 24775 | Lair:5   | HP: 47/111 [death yak (5)]
 24785 | Lair:5   | Reached ****** piety under Kikubaaqudgha
 25012 | Lair:5   | Identified the +8 battleaxe of Konujim {holy, rPois rC+++
                  | rN+ Str-5}
 25013 | Lair:5   | Identified the amulet of Noxzinn {rPois Regen+ Int+2}
 25225 | Orc:1    | Entered Level 1 of the Orcish Mines
 25293 | Orc:1    | Noticed an orc warlord
 25322 | Orc:1    | HP: 55/111 [orc warrior/+0 glaive[an orc warlord] (11)]
 25327 | Orc:1    | HP: 78/166 [orc warrior/+0 glaive[an orc warlord] (7)]
 25329 | Orc:1    | HP: 36/166 [orc warrior/+0 glaive[an orc warlord] (15)]
 25331 | Orc:1    | Killed an orc warlord
 25332 | Orc:1    | Slain by an orc warrior

Illustrated notes

Levels and vault maps discovered:
D:1:      dpeg_arrival_three_same_balls, layout_basic,
          dreamdust_ecumenical_altar_grove, serial_bayou_pond_c, minmay_tall_x
D:2:      layout_basic, hangedman_decor_riveting, minmay_small_reverse_x
D:3:      layout_basic, nicolae_grassy_gnolls, uniq_sigmund
D:4:      layout_basic, serial_undead, serial_undead_b, serial_undead_c,
          serial_undead_a, serial_undead_b, serial_undead_c, serial_undead_f,
          uniq_eustachio
D:5:      layout_loops_cross, nicolae_gozag_zags_fifth_avenue,
          chequers_temple_overflow_statue_of_worship, uniq_blork_the_orc
D:6:      layout_loops_ring, zin_scriptorium, trog_book
D:7:      layout_loops_ring, fedhas_altar_2,
          nicolae_uskayaw_murder_on_the_dancefloor,
          minmay_temple_entry_stoned_glass
D:8:      layout_basic, amcnicky_altar_gilded, dk_yredelemnul_ordeal
D:9:      layout_loops_ring, zombieorc1_lemuel, uniq_pikel, uniq_jeremiah
D:10:     layout_basic, lemuel_doored_altar, enter_bailey_8
D:11:     layout_big_octagon, dpeg_lair_monsters, nicolae_zig_zag_zippers
D:12:     layout_basic, enter_trove_2, uniq_lodul
D:13:     layout_basic, hangedman_vaults_entry_quadrant_bands, uniq_erolcha,
          uniq_snorg, uniq_jorgrun
Temple:   ebering_untended_altars
Lair:1:   layout_roguey, grunt_megastairs_4, uniq_maggie
Lair:2:   layout_hall_layers
Lair:3:   layout_gridlike, alex1729_swamp_entry_worm_eleionoma,
          dummy_snake_entry, uniq_fannar, uniq_urug
Lair:4:   layout_small_grid, st_stairs_5, grunt_forest_stairs_basic,
          grunt_megastairs_5, serial_bayou_shore_b, uniq_nessos
Lair:5:   grunt_lair_end_beastmaster, layout_gridlike,
          nicolae_slime_entry_slimehenge, pdpol_lair_cavern_descent
Orc:1:    layout_caves

Skill      XL: |  1  2  3  4  5  6  7  8  9 10 11 12 13 14 |
---------------+-------------------------------------------+-----
Polearms       | 2 4 5 6 8 10 12 | 12.3
Necromancy     | 5 9 10 11 12 13 | 13.5
Armour         | 1 4 6 8 9 |  9.1
Spellcasting   | 1 4 6 7 8 |  8.3
Fighting       | 5 7 9 10 | 10.5
Dodging        | |  1.7
Stealth        | |  4.1

Action                     |  1- 3 |  4- 6 |  7- 9 | 10-12 | 13-15 || total
---------------------------+-------+-------+-------+-------+-------++-------
  Melee: Spear             |    36 |   309 |   240 |   671 |   579 ||  1835
         Dagger            |    30 |   127 |       |       |       ||   157
         Trident           |       |     4 |   364 |   698 |   593 ||  1659
  Throw: Dart              |       |     2 |     3 |    11 |       ||    16
   Cast: Cigotuvi's Dreadf |       |       |       |     1 |       ||     1
         Animate Dead      |       |       |       |     3 |    23 ||    26
         Death Channel     |       |       |       |       |     1 ||     1
Ability: Invent Gizmo      |       |       |       |       |     1 ||     1
  Evoke: Wand              |       |       |     6 |     3 |     3 ||    12
    Use: Potion            |     1 |       |     8 |     5 |     3 ||    17
         Scroll            |       |       |    12 |     6 |     1 ||    19
   Stab: Sleeping          |       |    14 |     7 |     2 |    10 ||    33
         Distracted        |       |     1 |       |     3 |     2 ||     6
         Invisible         |       |       |     4 |       |       ||     4
         Petrified         |       |       |       |       |    14 ||    14
 Armour: Leather armour    |    11 |    13 |       |       |       ||    24
         Ring mail         |       |    86 |   161 |   383 |   212 ||   842
         Scale mail        |       |       |       |       |   121 ||   121
  Dodge: Dodged            |    19 |    95 |   130 |   230 |   183 ||   657

Table legend: (Time is in decaauts)
 A = Elapsed time spent in this place.
 B = Non-inter-level travel time spent in this place.
 C = Inter-level travel time spent in this place.
 D = Time resting spent in this place.
 E = Time spent auto-exploring this place.
 F = Levels seen in this place.
 G = Mean time per level.
                   A        B        C        D        E       F      G
               +--------+--------+--------+--------+--------+-----+--------+
         Total |  24781 |  22546 |   2235 |   5145 |  13402 |  21 | 1180.0 |
       Dungeon |  16461 |  14664 |   1797 |   3628 |   8308 |  13 | 1266.2 |
        Temple |     85 |      1 |     84 |      0 |      0 |   1 |   85.0 |
          Lair |   7388 |   7037 |    351 |   1286 |   4810 |   5 | 1477.6 |
  Orcish Mines |     88 |     87 |      1 |      0 |     29 |   1 |   88.0 |
        Bailey |    756 |    756 |      0 |    230 |    255 |   1 |  756.0 |
               +--------+--------+--------+--------+--------+-----+--------+

Top non-repeatable levels by time:
  Lair:5: 2447 daAuts
    D:10: 2381 daAuts
     D:9: 2237 daAuts
    D:11: 1640 daAuts
     D:4: 1599 daAuts
  Lair:3: 1559 daAuts
     D:6: 1352 daAuts
     D:5: 1296 daAuts
     D:8: 1286 daAuts
  Lair:2: 1260 daAuts
     D:3: 1195 daAuts
    D:12: 1172 daAuts
  Lair:1: 1153 daAuts
     D:7: 1016 daAuts
  Lair:4: 967 daAuts
